 Dungeon Crawl Stone Soup version 0.31.0-12-g77e489cdc1 (webtiles) character file.

Game seed: 16158747395538000831

40 lordive the Changeling (level 3, 0/23 HPs)
             Began as an Octopode Shapeshifter on Feb 29, 2024.
             Slain by a jackal (1 damage)
             ... on level 2 of the Dungeon.
             The game lasted 00:01:15 (1041 turns).

lordive the Changeling (Octopode Shapeshifter)      Turns: 1041, Time: 00:01:15

Health: 0/23       AC:  1    Str: 13    XL:     3   Next: 50%
Magic:  3/3        EV: 12    Int: 14    God:
Gold:   121        SH:  3    Dex: 11    Spells: 2/2 levels left

rFire   . .          .
                       - Unarmed
rCold   . . .        f - +0 buckler
rNeg    . . .        (helmet currently unavailable)
rPois   .            (no amulet)
rElec   .            (no ring)
rCorr   .            (no ring)
SInv    .            (no ring)
Will    .....        (no ring)
Stlth   ++           (no ring)
HPRegen 0.23/turn    (no ring)
MPRegen 0.08/turn    (no ring)
                     (no ring)

%: no passive effects
@: beast-form
A: beast (slay +2), almost no armour, amphibious, 8 rings, camouflage 1,
gelatinous body 1, (nimble swimmer 1), tentacles
a: Begin Untransformation


You were on level 2 of the Dungeon.
You were a hulking beast.
You visited 1 branch of the dungeon, and saw 2 of its levels.

You collected 121 gold pieces.

Inventory:

Armour
 f - a +0 buckler (worn)
Talismans
 b - a beast talisman
 c - a flux talisman
Scrolls
 d - a scroll of teleportation {unknown}
 e - 2 scrolls of poison {unknown}
 g - a scroll of identify {unknown}
 h - a scroll of enchant armour {unknown}
 i - a scroll of revelation {unknown}
Potions
 a - a potion of lignification


   Skills:
 + Level 1.0 Fighting
 + Level 2.0 Dodging
 + Level 3.3 Unarmed Combat
 * Level 3.9 Shapeshifting


You had 2 spell levels left.
You didn't know any spells.
Your spell library was empty.

Dungeon Overview and Level Annotations

Branches:
Dungeon (2/15)

Altars:


Innate Abilities, Weirdness & Mutations

You are a hulking beast.
Your limbs bulge with bestial killing power. (Slay +2)
You cannot wear most types of armour.
You are amphibious.
You can wear up to eight rings at the same time.
Your skin changes colour to match your surroundings (Stealth+).
Your rubbery body absorbs attacks. (AC +1, EV +1)
((You are camouflaged when in or above water. (Stealth+)))
You have tentacles for arms and can constrict up to eight enemies at once.


Message History

You are too injured to fight recklessly!
You are too injured to fight recklessly!
You are too injured to fight recklessly!
You are too injured to fight recklessly!
You are too injured to fight recklessly!
You are too injured to fight recklessly!
You are too injured to fight recklessly!
You are too injured to fight recklessly!
You are too injured to fight recklessly!
You are too injured to fight recklessly!
You are too injured to fight recklessly!
You are too injured to fight recklessly!
You are too injured to fight recklessly!
Unknown command.
The jackal attacks as it pursues you!
The jackal bites you but does no damage.
The jackal attacks as it pursues you!
The jackal bites you but does no damage.
The jackal bites you. The jackal attacks as it pursues you!
The jackal bites you. The jackal attacks as it pursues you!
The jackal barely misses you. The jackal attacks as it pursues you!
The jackal bites you. x2
* * * LOW HITPOINT WARNING * * *
You tentacle-slap the jackal but do no damage.
Your grab misses the jackal. You tentacle-slap the jackal.
Your grab misses the jackal.
The jackal is lightly wounded.
The jackal misses you.
You miss the jackal. Your grab misses the jackal.
Your squeeze misses the jackal. The jackal bites you.
* * * LOW HITPOINT WARNING * * *
The jackal bites you.
* * * LOW HITPOINT WARNING * * *
You tentacle-slap the jackal.
You kill the jackal!
The jackal barely misses you.
You barely miss the jackal. You grab the jackal. You squeeze the jackal.
You kill the jackal!
The jackal bites you.
You die...

#######..##.###
##......##
####....##
###..†# ##..# ##
#..## ##...
##..# #....
#.†####..#
#.hh....#
#.##..###
#.....#
####....###.#
............#
......†....=...
...###..........
### #!.........
#..........


You could see a jackal.

Vanquished Creatures
  An adder (D:2)
  An endoplasm (D:1)
  3 giant cockroaches
  2 goblins (D:1)
  3 hobgoblins
  6 jackals
  3 quokkas (D:1)
  A ball python (D:2)
  4 bats
  3 kobolds (D:1)
27 creatures vanquished.

Notes
Turn   | Place    | Note
-------+----------+-------------------------------------------
     0 | D:1      | lordive the Octopode Shapeshifter began the quest for the
                  | Orb.
     0 | D:1      | Reached XP level 1. HP: 13/13 MP: 1/1
   190 | D:1      | Reached XP level 2. HP: 7/18 MP: 2/2
   746 | D:1      | Reached XP level 3. HP: 23/23 MP: 3/3
  1039 | D:2      | HP: 1/23 [jackal (3)]
  1041 | D:2      | Slain by a jackal

Illustrated notes

Levels and vault maps discovered:
D:1:      amcnicky_arrival_choice, layout_basic
D:2:      layout_rooms, minmay_tromino_mix6

Action                     || total
---------------------------++-------
  Melee: Unarmed           ||    54
         Constrict         ||    13
         Tentacles         ||     6
   Stab: Sleeping          ||     7
 Armour: Skin              ||    34
  Dodge: Dodged            ||    28
  Block: Buckler           ||     4
